 Dungeon Crawl Stone Soup version 0.28.0-45-g0d030f2227 (webtiles) character file.

Game seed: 5341017700163606309

4 zeratav the Insei (level 1, -4/13 HPs)
             Began as an Octopode Transmuter on Apr 7, 2022.
             Frozen to death by an endoplasm (5 damage)
             ... on level 1 of the Dungeon.
             The game lasted 00:00:36 (22 turns).

zeratav the Insei (Octopode Transmuter)               Turns: 22, Time: 00:00:36

Health: -4/13      AC:  1    Str:  9    XL:     1   Next: 60%
Magic:  3/3        EV: 13    Int: 15    God:
Gold:   0          SH:  0    Dex: 12    Spells: 3/4 levels left

rFire   . . .      SeeInvis .     - Unarmed
rCold   . . .      Faith    .   (no shield)
rNeg    . . .      Spirit   .   (helmet restricted)
rPois   .          Reflect  .   (no amulet)
rElec   .          Harm     .   (no ring)
rCorr   .          Rampage  .   (no ring)
Will    .....                   (no ring)
Stlth   ++........              (no ring)
HPRegen 0.04/turn               (no ring)
MPRegen 0.08/turn               (no ring)
                                (no ring)
                                (no ring)

@: no status effects
A: almost no armour, amphibious, 8 rings, camouflage 1, gelatinous body 1,
(nimble swimmer 1), tentacles
a: no special abilities


You were on level 1 of the Dungeon.
You visited 1 branch of the dungeon, and saw 1 of its levels.


Innate Abilities, Weirdness & Mutations

You cannot wear most types of armour.
You are amphibious.
You can wear up to eight rings at the same time.
Your skin changes colour to match your surroundings (Stealth+).
Your rubbery body absorbs attacks. (AC +1, EV +1)
((You are camouflaged when in or above water. (Stealth+)))
You have tentacles for arms and can constrict up to eight enemies at once.


   Skills:
 + Level 1.1 Fighting
 + Level 2.0 Dodging
 + Level 0.4 Stealth
 * Level 3.1 Unarmed Combat
 - Level 2.0 Spellcasting
 - Level 2.0 Transmutations


You had 3 spell levels left.
You knew the following spells:

 Your Spells              Type           Power      Damage    Failure   Level
a - Beastly Appendage     Tmut           14%        N/A       10%         1

Your spell library contained the following spells:

 Spells                   Type           Power      Damage    Failure   Level
 Wereblood                Tmut           7%         N/A       14%         2
 Sandblast                Erth           2%         2d4       22%         1
 Passwall                 Tmut/Erth      3%         N/A       22%         2
 Spider Form              Tmut/Pois      4%         N/A       41%         3
 Stone Arrow              Conj/Erth      2%         3d7       54%         3
 Ice Form                 Ice/Tmut       4%         N/A       82%         4

You aren't carrying anything.

Dungeon Overview and Level Annotations

Branches:
Dungeon (1/15)

Altars:

### #..#.# ####
#.#.#.# ....
#.#....
..#?.)#.##
########.#)#...##
#.....@.#.#.#....
#.###..J...#...#
##.##....#.#
#..........#
#.#.....#..#
#.#.....#).#
#.#.....#..##.
#.#.....#.....
#.#..<..#.#.#.


You could see an endoplasm.


Message History

🤖 Initializing magus.rc ... ✅ Successfully initialized magus.rc [v1.9.6] Welcome, zeratav the Octopode Transmuter.
They say the Orb of Zot lies within this dungeon, but they say a lot of things.
Press ? for a list of commands and other information.
Found a dagger and a book of Geomancy.
Found a staircase leading out of the dungeon.
An endoplasm comes into view.
One of your tentacles grows a vicious spike.
MP[-1]
You lost 1 mp, and now have 2/3 mp.
The endoplasm quivers.
A kobold comes into view. It is wielding a +0 short sword.
A quokka comes into view.
You see here a book of Geomancy.
You pick up a book of Geomancy and begin reading...
You add the spells Sandblast, Passwall and Stone Arrow to your library.
You tentacle-slap the endoplasm.
You pierce the endoplasm, but do no damage.
You squeeze the endoplasm, but do no damage.
The kobold shouts!
The endoplasm hits you.
An endoplasm comes into view.
HP[-3]
You take 3 damage, and now have 10/13 hp.
MASSIVE DAMAGE!! (PAUSE)
You tentacle-slap the endoplasm. You squeeze the endoplasm.
You kill the endoplasm!
The kobold throws a stone.
The stone hits you.
HP[-1]
You take 1 damage, and now have 9/13 hp.
The kobold throws a stone.
The stone hits you.
HP[-2]
You take 2 damage, and now have 7/13 hp.
The kobold closely misses you.
You closely miss the kobold. You grab the kobold. You constrict the kobold.
A dart slug comes into view.
The kobold closely misses you.
You tentacle-slap the kobold but do no damage.
Your tentacle spike misses the kobold.
Your transformation is almost over.
You constrict the kobold, but do no damage.
You tentacle-slap the kobold but do no damage.
You pierce the kobold, but do no damage.
You constrict the kobold, but do no damage.
The kobold barely misses you.
MP[+1]
Your mp is fully restored (3).
You barely miss the kobold.
You pierce the kobold.
You kill the kobold!
The dart slug closely misses you.
You barely miss the quokka. You grab the quokka.
You pierce the quokka.
You kill the quokka!
The dart slug launches a dart at you. The slug dart hits you.
* * * LOW HITPOINT WARNING * * *
HP[-3]
You take 3 damage, and now have 4/13 hp.
MASSIVE DAMAGE!! (PAUSE)
The dart slug misses you.
You see here a +4 ring of evasion.
You tentacle-slap the endoplasm.
You squeeze the endoplasm, but do no damage.
The endoplasm hits you.
* * * LOW HITPOINT WARNING * * *
HP[-3]
You take 3 damage, and now have 1/13 hp.
MASSIVE DAMAGE!! (PAUSE)
You tentacle-slap the dart slug. You grab the dart slug.
You pierce the dart slug.
You squeeze the dart slug, but do no damage.
You constrict the dart slug. The dart slug launches a dart at you.
The slug dart misses you. The endoplasm misses you.
You tentacle-slap the dart slug.
You kill the dart slug!
Your tentacle spike disappears.
The endoplasm freezes you.
You are frozen.
You die...

Action                   || total
-------------------------++-------
Melee: Unarmed           ||    10
       Kick              ||     5
       Tentacles         ||     4
       Constrict         ||     3
 Cast: Beastly Appendage ||     1
Dodge: Dodged            ||     7

Levels and vault maps discovered:
D:1:      minmay_arrival_semitransparent, layout_loops_ring,
          basic_ecumenical_altar, minmay_tiny_reverse_x

Notes
Turn   | Place    | Note
-------+----------+-------------------------------------------
     0 | D:1      | zeratav the Octopode Transmuter began the quest for the
                  | Orb.
     0 | D:1      | Reached XP level 1. HP: 13/13 MP: 3/3
     0 | D:1      | magus.rc [v1.9.6]
     6 | D:1      | You pick up a book of Geomancy and begin reading...
     6 | D:1      | You add the spells Sandblast, Passwall and Stone Arrow to
                  | your library.
    20 | D:1      | HP: 1/13 [endoplasm (3)]
    22 | D:1      | Frozen to death by an endoplasm

Vanquished Creatures
  A dart slug (D:1)
  An endoplasm (D:1)
  A kobold (D:1)
  A quokka (D:1)
4 creatures vanquished.

Table legend:
 A = Non-vault XP
 B = Vault XP
 C = Vault XP percentage of total XP
 D = Non-vault monster count
 E = Vault monster count
 F = Vault count percentage of total count
                 A         B        C        D         E       F
            +---------+---------+-------+---------+---------+-------
      Total |       6 |       4 |  40.0 |       2 |       2 |  50.0
            +---------+---------+-------+---------+---------+-------
        D:1 |       6 |       4 |  40.0 |       2 |       2 |  50.0
            +---------+---------+-------+---------+---------+-------

Illustrated notes

Table legend:
 A = Kills in this place as a percentage of kills in entire the game.
 B = Kills by you in this place as a percentage of kills by you in the entire game.
 C = Kills by friends in this place as a percentage of kills by friends in the entire game.
 D = Other kills in this place as a percentage of other kills in the entire game.
 E = Experience gained in this place as a percentage of experience gained in the entire game.
 F = Experience gained in this place divided by the number of levels of this place that you have seen.
                   A       B       C       D       E      F
               +-------+-------+-------+-------+-------+----------------------
         Total | 100.0 | 100.0 |   N/A |   N/A | 100.0 |  10.0
       Dungeon | 100.0 | 100.0 |   N/A |   N/A | 100.0 |  10.0
               +-------+-------+-------+-------+-------+----------------------

Table legend: (Time is in decaauts)
 A = Elapsed time spent in this place.
 B = Non-inter-level travel time spent in this place.
 C = Inter-level travel time spent in this place.
 D = Time resting spent in this place.
 E = Time spent auto-exploring this place.
 F = Levels seen in this place.
 G = Mean time per level.
                   A        B        C        D        E       F      G
               +--------+--------+--------+--------+--------+-----+--------+
         Total |     21 |     21 |      0 |      0 |      1 |   1 |   21.0 |
       Dungeon |     21 |     21 |      0 |      0 |      1 |   1 |   21.0 |
               +--------+--------+--------+--------+--------+-----+--------+

Top non-repeatable levels by time:
     D:1: 21 daAuts
